 Dungeon Crawl Stone Soup version 0.27-a0-1144-g0b7d3b79db (webtiles) character file.

Game seed: 4842669110229533356

200 HoaS the Twirler (level 5, -4/30 HPs)
             Began as a Gargoyle Gladiator on May 10, 2021.
             Killed by divine providence
             ... invoked by an orc priest
              (14 damage)
             ... on level 4 of the Dungeon.
             The game lasted 00:06:15 (3449 turns).

HoaS the Twirler (Gargoyle Gladiator)               Turns: 3449, Time: 00:06:16

Health: -4/30      AC: 14    Str: 18    XL:     5   Next: 79%
Magic:  5/5        EV:  9    Int:  9    God:
Gold:   88         SH:  0    Dex: 11    Spells: 4/4 levels left

rFire    x . .     SeeInvis .   a - +0 quarterstaff
rCold    + + .     Faith    .   (shield currently unavailable)
rNeg     + . .     Spirit   .   n - +0 ice dragon scales
rPois    ∞         Reflect  .   c - +0 helmet
rElec    +         Harm     .   (no cloak)
rCorr    .         Rampage  .   (no gloves)
Will     .....                  (no boots)
Stlth    ..........             (no amulet)
HPRegen  0.10/turn              (no ring)
MPRegen  0.09/turn              (no ring)

@: no status effects
A: sickness immunity, AC +4, negative energy resistance 1, electricity
resistance, torment resistance 1, petrification resistance
a: no special abilities


You were on level 4 of the Dungeon.
You visited 1 branch of the dungeon, and saw 4 of its levels.

You collected 88 gold pieces.

Inventory:

Hand Weapons
 a - a +0 quarterstaff (weapon)
Missiles
 d - 3 throwing nets (quivered)
 j - 22 bolts
 k - 25 arrows
 l - 8 boomerangs
Armour
 c - a +0 helmet (worn)
 n - +0 ice dragon scales (worn)
Wands
 m - a wand of flame (25)
Potions
 b - a potion of lignification {unknown}
 e - 2 potions of invisibility {unknown}
 f - 3 potions of might {unknown}
 g - 2 potions of curing {unknown}
 h - a potion of resistance {unknown}
 i - 3 potions of degeneration {unknown}
 o - a potion of magic {unknown}


   Skills:
 - Level 2.1 Fighting
 + Level 6.3 Staves
 - Level 1.7 Throwing
 - Level 2.4 Dodging


You had 4 spell levels left.
You didn't know any spells.
Your spell library contained the following spells:

 Spells                   Type           Power      Damage    Failure   Level
 Beastly Appendage        Tmut           0%         N/A       87%         1
 Wereblood                Tmut           0%         N/A       95%         2
 Spider Form              Tmut/Pois      0%         N/A       99%         3
 Ice Form                 Ice/Tmut       0%         N/A       100%        4
 Hydra Form               Tmut           0%         N/A       100%        5


Dungeon Overview and Level Annotations

Branches:
Dungeon (4/15)
 Temple: D:4-7

Altars:
Elyvilon
Hepliaklqana
Zin


Innate Abilities, Weirdness & Mutations

You are immune to sickness and miasma.
Your stone body is resilient. (AC +4)
You are immune to poison.
You resist negative energy. (rN+)
You are resistant to electric shocks. (rElec)
You are resistant to unholy torment.
You are immune to petrification.


Message History

There is a stone staircase leading up here.
The hound bites you but does no damage.
You hit the hound.
The hound is moderately wounded.
The hound misses you. The hound barely misses you.
You barely miss the hound.
The hound is moderately wounded.
The hound bites you but does no damage.
You hit the hound but do no damage.
The hound is moderately wounded.
The hound bites you but does no damage.
An orc priest comes into view. It is wielding a +0 war axe.
The hound bites you but does no damage.
You closely miss the hound.
The hound is moderately wounded.
The hound bites you.
You hit the hound.
The hound is heavily wounded.
The hound barely misses you. The hound bites you but does no damage.
You barely miss the hound.
The hound is heavily wounded.
An orc wizard comes into view. It is wielding a +0 dagger.
The orc priest calls down the wrath of Beogh upon you.
Beogh smites you! The hound closely misses you.
An orc comes into view. It is wielding a +0 hand axe.
The orc wizard shouts!
The orc shouts!
You hit the hound.
The hound is almost dead.
The hound barely misses you.
The orc priest mumbles some strange prayers to Beogh against you.
Beogh smites you!
The orc wizard casts a spell at itself.
The orc wizard flickers and vanishes!
Deactivating autopickup; reactivate with Ctrl-A.
The hound stops to sniff the ground.
The hound misses you.
The orc priest calls down the wrath of Beogh upon you.
Beogh smites you!
You die...

......#.{.
......#.. .
......#.. .#.
......... #.o.
.......o###..?.
...............
.......h.!..#..
.....$.........
.......@...##..
.......<.......
.........##.#.#
.........# .##
.........# 8#
....>..... #
...........
........>.#
.........##


You could see a hound, an orc priest and an orc.

Vanquished Creatures
  Terence (D:3)
  An orc wizard (D:3)
  4 adders
  4 gnolls
  A worm (D:2)
  2 dart slugs
  6 orcs (D:3)
  4 endoplasms
  3 giant cockroaches
  3 goblins
  A hobgoblin (D:3)
  6 jackals (D:1)
  3 quokkas
  10 ball pythons
  4 bats
  3 frilled lizards
  4 kobolds
  8 rats
68 creatures vanquished.

Notes
Turn   | Place    | Note
-------+----------+-------------------------------------------
     0 | D:1      | HoaS the Gargoyle Gladiator began the quest for the Orb.
     0 | D:1      | Reached XP level 1. HP: 12/12 MP: 1/1
   215 | D:1      | Reached XP level 2. HP: 17/17 MP: 2/2
   578 | D:1      | Reached skill level 4 in Staves
   781 | D:1      | Reached XP level 3. HP: 20/21 MP: 3/3
  1126 | D:2      | Reached XP level 4. HP: 20/26 MP: 4/4
  1216 | D:2      | Reached skill level 5 in Staves
  2314 | D:2      | Reached XP level 5. HP: 30/30 MP: 5/5
  2848 | D:3      | Found a white marble altar of Elyvilon.
  2867 | D:3      | Reached skill level 6 in Staves
  2971 | D:3      | Found a faded altar of an unknown god.
  2992 | D:3      | Found a faded altar of an unknown god.
  2993 | D:3      | Found a hazy altar of Hepliaklqana.
  3077 | D:3      | Noticed Terence
  3084 | D:3      | Killed Terence
  3213 | D:3      | Found a glowing silver altar of Zin.
  3449 | D:4      | Killed from afar by an orc priest

Illustrated notes

Levels and vault maps discovered:
D:1:      amcnicky_arrival_wind_blow, layout_basic, minmay_misc_feat_nine_boxes
D:2:      layout_loops_ring, serial_rivers, chequers_serial_rivers_large_a,
          chequers_serial_rivers_micro_d, chequers_serial_rivers_small_3,
          chequers_serial_rivers_room_b, chequers_serial_rivers_micro_a,
          chequers_serial_rivers_micro_a
D:3:      layout_rooms, beargit_hepliaklqana_dungeon_heroes, zin_academy,
          overflow_temple_1_default, basic_ecumenical_altar,
          chequers_serial_rivers_room_b, uniq_terence
D:4:      layout_rooms, lemuel_mausoleum_altar_yredelemnul

Skill      XL: |  1  2  3  4  5 |
---------------+----------------+-----
Staves         | 4 5 6 |  6.3
Fighting       | |  2.1
Throwing       | |  1.7
Dodging        | |  2.4

Action                   |  1- 3 |  4- 6 || total
-------------------------+-------+-------++-------
Melee: Quarterstaff      |    97 |   148 ||   245
  Use: Scroll            |     3 |     4 ||     7
Armor: Leather armour    |    38 |    34 ||    72
       Ice dragon scales |       |    22 ||    22
Dodge: Dodged            |    66 |    85 ||   151

Table legend: (Time is in decaauts)
 A = Elapsed time spent in this place.
 B = Non-inter-level travel time spent in this place.
 C = Inter-level travel time spent in this place.
 D = Time resting spent in this place.
 E = Time spent auto-exploring this place.
 F = Levels seen in this place.
 G = Mean time per level.
                   A        B        C        D        E       F      G
               +--------+--------+--------+--------+--------+-----+--------+
         Total |   3481 |   3304 |    177 |   1194 |   1552 |   4 |  870.2 |
       Dungeon |   3481 |   3304 |    177 |   1194 |   1552 |   4 |  870.2 |
               +--------+--------+--------+--------+--------+-----+--------+

Top non-repeatable levels by time:
     D:2: 1534 daAuts
     D:1: 1088 daAuts
     D:3: 848 daAuts
     D:4: 9 daAuts
